 Dungeon Crawl Stone Soup version 0.28.0-53-g5a82cb258f (webtiles) character file.

Game seed: 13568786477388572908

1106 Zeld the Chopper (level 8, -10/109 HPs)
             Began as a Minotaur Berserker on June 4, 2022.
             Was a Believer of Trog.
             Mangled by a yak (15 damage)
             ... on level 6 of the Dungeon.
             The game lasted 00:03:49 (7099 turns).

Zeld the Chopper (Minotaur Berserker)               Turns: 7099, Time: 00:03:50

Health: -10/109    AC:  2    Str: 23    XL:     8   Next: 11%
Magic:  7/7        EV: 13    Int:  4    God:    Trog [**....]
Gold:   246        SH:  5    Dex: 11    Spells: 7/7 levels left

rFire   . . .      SeeInvis .   a - +0 war axe
rCold   . . .      Faith    .   (no shield)
rNeg    . . .      Spirit   .   b - +0 animal skin
rPois   .          Reflect  +   (helmet restricted)
rElec   .          Harm     .   (no cloak)
rCorr   .          Rampage  .   (no gloves)
Will    .....                   (no boots)
Stlth   ..........              o - amulet of reflection
HPRegen 0.28/turn               (no ring)
MPRegen 0.10/turn               (no ring)

@: berserking, very quick
A: horns 2, retaliatory headbutt
a: Renounce Religion, Berserk, Trog's Hand


You were on level 6 of the Dungeon.
You worshipped Trog.
Trog was pleased with you.
You visited 1 branch of the dungeon, and saw 6 of its levels.

You collected 246 gold pieces.

Inventory:

Hand Weapons
 a - a +0 war axe (weapon)
Missiles
 g - 4 javelins (quivered)
Armour
 b - a +0 animal skin (worn)
Jewellery
 o - an amulet of reflection (around neck)
Wands
 j - a wand of iceblast (7)
 n - a wand of flame (11)
 r - a wand of polymorph (10)
Scrolls
 c - a scroll of fear {unknown}
 d - a scroll of identify {unknown}
 h - 2 scrolls of torment {unknown}
 i - a scroll of vulnerability {unknown}
 l - 2 scrolls of brand weapon {unknown}
 q - 2 scrolls of teleportation {unknown}
Potions
 e - a potion of attraction {unknown}
 f - 3 potions of heal wounds {unknown}
 k - a potion of haste {unknown}
 m - a potion of brilliance {unknown}
 p - a potion of mutation {unknown}
 s - a potion of curing {unknown}


   Skills:
 * Level 7.5 Fighting
 * Level 7.6 Axes
 + Level 5.1 Armour
 + Level 4.6 Dodging


You had 7 spell levels left.
You didn't know any spells.
Your spell library was empty.

Dungeon Overview and Level Annotations

Branches:
Dungeon (6/15)
 Temple: D:4-7

Altars:
Uskayaw
Vehumet


Innate Abilities, Weirdness & Mutations

You have a pair of horns on your head.
You reflexively headbutt those who attack you in melee.


Message History

You closely miss the yak.
The yak bellows!
You slash the yak! The yak gores you but does no damage.
The yak completely misses you.
Unknown command.
You slash the yak!
The yak is heavily wounded.
You closely miss the yak. The yak gores you!
Unknown command.
You are too injured to fight recklessly!
Unknown command.
You are too injured to fight recklessly!
Unknown command.
You are too injured to fight recklessly!
The yak gores you!
* * * LOW HITPOINT WARNING * * *
You see here a +0 ring mail.
A red film seems to cover your vision as you go berserk!
You feel yourself moving faster!
You feel mighty! The yak closely misses you. You furiously retaliate!
You headbutt the yak!
You are too injured to fight recklessly!
You closely miss the yak. Your headbutt misses the yak.
The yak is moderately wounded.
The yak gores you!
* * * LOW HITPOINT WARNING * * *
You slash the yak! You headbutt the yak!
The yak is almost dead.
You hit the yak. The yak gores you!
* * * LOW HITPOINT WARNING * * *
You block the yak's attack.
Unknown command.
You barely miss the yak. Your headbutt misses the yak.
The yak is almost dead.
You slash the yak! The yak closely misses you.
The yak gores you but does no damage.
Unknown command.
You hit the yak.
The yak is almost dead.
You slash the yak! You barely miss the yak. The yak gores you!
You die...

#....###...........#8..#...8#.#
#....###.........#..####+###..#
#....#...........#............#
.........Y..(....##############
.......[..........#
......#######.....#
......#######..Y..#
......#........YY.#######
...............Y@........
.........................
..............#..........
####..........#..........
#..........#..........
#..........#..........
#..........#..........
#..........#..........
..########..........


You could see 4 yaks.

Vanquished Creatures
  Eustachio (D:4)
  An ice beast (D:4)
  A sky beast (D:5)
  A necrophage (D:6)
  An ogre (D:5)
  Blork the orc (D:5)
  A gnoll sergeant (D:4)
  A scorpion (D:5)
  A howler monkey (D:5)
  A centaur zombie (D:5)
  An iguana (D:6)
  Ijyb (D:3)
  An orc wizard (D:3)
  6 gnolls
  12 adders
  A worm (D:3)
  3 dart slugs
  4 orcs
  8 ball pythons
  4 bats
  7 endoplasms
  3 giant cockroaches
  7 goblins
  6 hobgoblins
  9 jackals (D:1)
  9 kobolds
  2 quokkas
  3 frilled lizards
  3 rats
100 creatures vanquished.

Notes
Turn   | Place    | Note
-------+----------+-------------------------------------------
     0 | D:1      | Zeld the Minotaur Berserker began the quest for the Orb.
     0 | D:1      | Reached XP level 1. HP: 19/19 MP: 0/0
    42 | D:1      | Reached XP level 2. HP: 15/27 MP: 1/1
   520 | D:1      | Reached XP level 3. HP: 18/33 MP: 2/2
   660 | D:1      | Found a faded altar of an unknown god.
  1046 | D:1      | Reached ** piety under Trog
  1729 | D:2      | Reached XP level 4. HP: 36/41 MP: 3/3
  2219 | D:3      | Found a radiant altar of Vehumet.
  2439 | D:3      | Noticed Ijyb
  2454 | D:3      | Killed Ijyb
  2455 | D:3      | Reached skill level 5 in Fighting
  2756 | D:3      | Reached XP level 5. HP: 44/48 MP: 4/4
  2762 | D:3      | Reached skill level 5 in Axes
  3283 | D:3      | You fall into a shaft and drop 1 floor!
  3370 | D:4      | Noticed an ice beast
  3378 | D:4      | Killed an ice beast
  3379 | D:4      | Reached XP level 6. HP: 50/56 MP: 5/5
  3530 | D:4      | Noticed Eustachio
  3549 | D:4      | Killed Eustachio
  4321 | D:4      | Reached XP level 7. HP: 57/63 MP: 6/6
  5113 | D:5      | Entered Level 5 of the Dungeon
  6115 | D:5      | Noticed a +0 dagger
  6115 | D:5      | Noticed a +0 dagger
  6115 | D:5      | Noticed a +0 spear
  6116 | D:5      | Noticed a +0 spear
  6116 | D:5      | Noticed a +0 short sword
  6117 | D:5      | Noticed a +0 short sword
  6117 | D:5      | Noticed a +0 falchion
  6118 | D:5      | Noticed a +0 falchion
  6150 | D:5      | Noticed Blork the orc
  6165 | D:5      | Killed Blork the orc
  6382 | D:5      | Reached skill level 5 in Armour
  6527 | D:5      | Found a hide-covered altar of Uskayaw.
  6950 | D:6      | Reached XP level 8. HP: 54/73 MP: 7/7
  7097 | D:6      | HP: 4/109 [yak (14)]
  7099 | D:6      | Mangled by a yak

Illustrated notes

Levels and vault maps discovered:
D:1:      minmay_arrival_floating_metal, layout_loops_ring,
          nicolae_ecumenical_snake_handling, corexii_leaking_fountain
D:2:      layout_rooms
D:3:      layout_loops_corners, mainiacjoe_overflow_paths, nrook_mini_backslash,
          dk_noncrumbling_3, uniq_ijyb
D:4:      layout_gridville, lightli_minifort, uniq_eustachio
D:5:      layout_basic, nicolae_uskayaw_en_pointe, uniq_blork_the_orc
D:6:      layout_basic, temple_doors_e, minivault_1

Skill      XL: |  1  2  3  4  5  6  7 |
---------------+----------------------+-----
Axes           | 4 5 6 7 |  7.6
Fighting       | 4 5 6 7 |  7.5
Armour         | 3 4 5 |  5.1
Dodging        | 3 4 |  4.6

Action                   |  1- 3 |  4- 6 |  7- 9 || total
-------------------------+-------+-------+-------++-------
Melee: Hand axe          |    67 |    86 |       ||   153
       Headbutt          |     7 |    18 |     9 ||    34
       War axe           |       |    24 |    66 ||    90
Throw: Javelin           |     1 |       |       ||     1
Invok: Berserk           |       |     4 |     3 ||     7
 Stab: Sleeping          |       |     2 |       ||     2
Armor: Animal skin       |    13 |    14 |     8 ||    35
Dodge: Dodged            |    46 |    58 |    24 ||   128
Block: Other             |       |       |     5 ||     5
